 Dungeon Crawl Stone Soup version 0.20.1-1-g8b1a95d (webtiles) character file.

5292 Mitsuki the Fighter (level 10, -3/91 HPs)
             Began as a Minotaur Fighter on Oct 14, 2017.
             Was a Follower of Okawaru.
             Slain by a two-headed ogre
             ... wielding a +0 giant spiked club
              (14 damage)
             ... on level 9 of the Dungeon.
             The game lasted 00:17:22 (8323 turns).

Mitsuki the Fighter (Minotaur Fighter)              Turns: 8323, Time: 00:17:23

Health: -3/91      AC: 11    Str: 26    XL:     10   Next: 37%
Magic:  0/11       EV: 12    Int:  5    God:    Okawaru [*.....]
Gold:   450        SH: 14    Dex:  9    Spells: 9/9 levels left

rFire    . . .     SeeInvis .   a - +0 long sword
rCold    . . .     Gourm    .   c - +0 shield
rNeg     . . .     Faith    .   t - +3 scale mail
rPois    .         Spirit   +   (helmet restricted)
rElec    .         Reflect  .   (no cloak)
rCorr    .         Harm     .   (no gloves)
MR       .....                  C - +0 pair of boots {Stlth+}
Stlth    ++........             o - amulet of guardian spirit
Regen    0.3/turn               E - +3 ring of strength
MPRegen  0.2/turn               (no ring)

@: heroism
A: retaliatory headbutt, horns 2, clumsy 1, deformed body
a: Heroism, Renounce Religion


You were on level 9 of the Dungeon.
You worshipped Okawaru.
Okawaru was aware of your devotion.
You were not hungry.

You visited 2 branches of the dungeon, and saw 10 of its levels.

You collected 450 gold pieces.

Inventory:

Hand Weapons
 a - a +0 long sword (weapon)
Armour
 c - a +0 shield (worn)
 t - a +3 scale mail (worn)
 C - a +0 pair of boots of stealth (worn)
Jewellery
 o - an amulet of guardian spirit (around neck)
 E - a +3 ring of strength (left hand)
 L - an uncursed ring of ice
Wands
 z - a wand of random effects (35/48)
 H - a wand of disintegration (6/24)
 I - a wand of polymorph (6/24)
 K - a wand of acid (8/15)
Scrolls
 e - 2 scrolls of enchant weapon {unknown}
 g - 8 scrolls of identify {unknown}
 n - 2 scrolls of recharging {unknown}
 p - 7 scrolls of remove curse
 q - 2 scrolls of amnesia {unknown}
 v - 2 scrolls of teleportation {unknown}
 w - a scroll of enchant armour {unknown}
 x - 2 scrolls of fog {unknown}
 y - a scroll of magic mapping {unknown}
 D - 3 scrolls of blinking {unknown}
 F - 4 scrolls of fear {unknown}
 G - a scroll of noise {unknown}
Potions
 b - a potion of brilliance {unknown}
 d - a potion of might
 j - a potion of lignification {unknown}
 k - 6 potions of curing {unknown}
 l - a potion of magic {unknown}
 r - a potion of flight {unknown}
 s - 3 potions of agility
 u - a potion of degeneration {unknown}
 B - a potion of mutation {unknown}
 J - a potion of heal wounds {unknown}
Books
 A - a book of Misfortune

   Spells                             Type                      Level
   a - Confusing Touch                Hexes                        1
   b - Confuse                        Hexes                        3
   c - Gell's Gravitas                Translocation                3
   d - Petrify                        Transmutation/Earth          4
   e - Metabolic Englaciation         Hexes/Ice                    5
   f - Yara's Violent Unravelling     Hexes/Transmutation          5
Comestibles
 f - 4 bread rations
 h - 4 meat rations
 i - 3 royal jellies
 m - 4 fruits
 M - 2 chunks of flesh


   Skills:
 + Level 9.4(14.4) Fighting
 + Level 9.3(14.3) Long Blades
 + Level 9.4(14.4) Armour
 + Level 9.4(14.4) Shields
 + Level 2.2 Invocations
 + Level 3.7 Evocations


You had 9 spell levels left.
You didn't know any spells.

Dungeon Overview and Level Annotations

Branches:
Dungeon (9/15)             Temple (1/1) D:7
   Lair: D:8-11         Orc: D:9-12

Altars:
Ashenzari
Cheibriados
Dithmenos
Elyvilon
Fedhas
Gozag
Hepliaklqana
Kikubaaqudgha
Makhleb
Nemelex Xobeh
Okawaru
Qazlal
Ru
Sif Muna
Trog
Uskayaw
Vehumet
Xom
Yredelemnul
Zin
The Shining One

Shops:
D:7 =


Innate Abilities, Weirdness & Mutations

You reflexively headbutt those who attack you in melee.
You have a pair of horns on your head.
You are clumsy. (Dex -2)
Armour fits poorly on your strangely shaped body.


Message History

The two-headed ogre hits you with a giant club.
You closely miss the two-headed ogre.
The two-headed ogre hits you with a giant spiked club!
The two-headed ogre hits you with a giant club!
You are too injured to fight recklessly!
You hit the two-headed ogre.
The two-headed ogre is lightly wounded.
The two-headed ogre hits you with a giant spiked club.
The two-headed ogre hits you with a giant club!
* * * LOW HITPOINT WARNING * * *
You gain the combat prowess of a mighty hero.
* * * LOW MAGIC WARNING * * *
You hit the two-headed ogre.
Your headbutt misses the two-headed ogre.
The two-headed ogre is lightly wounded.
The two-headed ogre hits you with a giant spiked club!
* * * LOW HITPOINT WARNING * * *
The two-headed ogre hits you with a giant club!
* * * LOW MAGIC WARNING * * *
You die...

#..############
##.########## #.
............# .
............### .#
..............# ##.####
............#.###.......
............#...#..^....
...>........###.#..[....
.<..........# #.@O.[....
######.###### ###.......
#..รท..# ##.#### #####.#
# #.# #.# ########'###
#..........#
#..........#


You could see a two-headed ogre.

Vanquished Creatures
  A two-headed ogre (D:7)
  Pikel (D:8)
  Sigmund (D:4)
  A hippogriff (D:7)
  5 yaks (D:7)
  A hungry ghost (D:7)
  A black bear (D:7)
  4 sky beasts
  2 slaves
  5 phantoms
  A necrophage (D:7)
  An ogre (D:7)
  2 centaurs
  2 bullfrogs
  A wyvern skeleton (D:6)
  3 scorpions
  A water moccasin skeleton (D:3)
  5 killer bees (D:8)
  A howler monkey (D:9)
  7 crimson imps
  A centaur zombie (D:9)
  2 bullfrog skeletons
  3 centaur skeletons
  4 orc priests
  4 hounds
  Natasha (thrice) (D:2)
  3 orc wizards
  2 worker ants
  A hound skeleton (D:4)
  A worker ant zombie (D:6)
  Robin (D:4)
  2 howler monkey skeletons (D:5)
  A howler monkey zombie (D:7)
  12 adders
  A shadow imp (D:5)
  2 adder zombies
  An ooze (D:2)
  An adder skeleton (D:5)
  8 worms
  A dart slug (D:1)
  8 leopard geckos
  23 orcs
  3 ball pythons (D:2)
  3 giant cockroaches
  14 goblins
  9 hobgoblins
  10 jackals
  2 quokkas (D:6)
  6 bats
  5 frilled lizards
  A kobold (D:1)
  6 rats
  A spectral orc (D:3)
191 creatures vanquished.

Vanquished Creatures (others)
  An orc (D:4)
  A ball python (D:4)
2 creatures vanquished.

Grand Total: 193 creatures vanquished

Notes
Turn   | Place    | Note
-------+----------+-------------------------------------------
     0 | D:1      | Mitsuki the Minotaur Fighter began the quest for the Orb.
     0 | D:1      | Reached XP level 1. HP: 19/19 MP: 0/0
   191 | D:1      | Reached XP level 2. HP: 27/27 MP: 1/1
   584 | D:1      | Reached XP level 3. HP: 12/33 MP: 2/2
   961 | D:2      | Noticed Natasha
   975 | D:2      | Killed Natasha
   975 | D:2      | Reached XP level 4. HP: 33/41 MP: 3/3
  1161 | D:2      | Noticed Natasha
  1165 | D:2      | Killed Natasha
  1222 | D:2      | Found a stormy altar of Qazlal.
  1223 | D:2      | Noticed an air elemental
  1287 | D:2      | Noticed a water elemental
  1287 | D:2      | Noticed an earth elemental
  1287 | D:2      | Noticed a fire elemental
  1373 | D:2      | Noticed Natasha
  1387 | D:2      | Killed Natasha
  1387 | D:2      | Reached XP level 5. HP: 41/47 MP: 4/4
  1453 | D:2      | Reached skill level 5 in Fighting
  1757 | D:3      | Found a snail-covered altar of Cheibriados.
  1819 | D:3      | Found a radiant altar of Vehumet.
  2023 | D:3      | Found a basalt altar of Yredelemnul.
  2256 | D:3      | Reached skill level 5 in Armour
  2390 | D:4      | Reached XP level 6. HP: 50/56 MP: 3/5
  2409 | D:4      | Reached skill level 5 in Shields
  2549 | D:4      | Noticed Robin
  2686 | D:4      | Killed Robin
  2961 | D:4      | Noticed Sigmund
  2987 | D:4      | Killed Sigmund
  2987 | D:4      | Reached skill level 5 in Long Blades
  2987 | D:4      | Reached XP level 7. HP: 40/62 MP: 3/6
  3623 | D:4      | Gained mutation: You are clumsy. (Dex -2) [mutagenic meat]
  3663 | D:4      | Found a sparkling altar of Nemelex Xobeh.
  3976 | D:5      | Entered Level 5 of the Dungeon
  4120 | D:5      | Found a hide-covered altar of Uskayaw.
  4129 | D:5      | Reached XP level 8. HP: 71/71 MP: 7/7
  4998 | D:6      | Found a burning altar of Makhleb.
  5206 | D:6      | Reached XP level 9. HP: 67/81 MP: 8/8
  5354 | D:6      | Found a white marble altar of Elyvilon.
  5781 | D:7      | Found Dypnuwk's Jewellery Shop.
  5834 | D:7      | Reached skill level 1 in Evocations
  5837 | D:7      | Gained mutation: Armour fits poorly on your strangely shaped body. [mutagenic meat]
  5838 | D:7      | Lost mutation: You are clumsy. (Dex -2) [mutagenic meat]
  5839 | D:7      | Gained mutation: You are clumsy. (Dex -2) [mutagenic meat]
  6196 | D:7      | Found a staircase to the Ecumenical Temple.
  6205 | Temple   | Entered the Ecumenical Temple
  6793 | D:7      | Found an iron altar of Okawaru.
  6793 | D:7      | Found an opulent altar of Gozag.
  6798 | D:7      | Found a glowing silver altar of Zin.
  6801 | D:7      | Became a worshipper of Warmaster Okawaru
  6817 | D:7      | Found a bloodstained altar of Trog.
  6819 | D:7      | Found a faded altar of an unknown god.
  6932 | D:8      | Noticed Pikel
  6936 | D:8      | Noticed a two-headed ogre
  7270 | D:8      | Killed Pikel
  7270 | D:8      | Reached XP level 10. HP: 65/91 MP: 7/11
  7275 | D:7      | Reached skill level 1 in Invocations
  7277 | D:7      | Killed a two-headed ogre
  7277 | D:7      | Reached * piety under Okawaru
  8317 | D:9      | Noticed a two-headed ogre
  8323 | D:9      | Slain by a two-headed ogre

Skill      XL: |  1  2  3  4  5  6  7  8  9 10 |
---------------+-------------------------------+-----
Fighting       | 4 5 6 7 9 |  9.4
Armour         | 4 5 6 7 9 |  9.4
Long Blades    | 3 4 5 6 7 8 9 |  9.3
Shields        | 4 5 6 7 9 |  9.4
Evocations     | 3 |  3.7
Invocations    | 2 |  2.2

Action                   |  1- 3 |  4- 6 |  7- 9 | 10-12 || total
-------------------------+-------+-------+-------+-------++-------
Melee: Long sword        |    82 |   162 |   392 |    53 ||   689
       Headbutt          |    13 |    27 |    71 |     5 ||   116
Invok: Heroism           |       |       |       |     1 ||     1
  Use: Scroll            |       |       |     1 |       ||     1
  Eat: Chunk             |       |     7 |    17 |     3 ||    27
       Fruit             |       |       |     2 |       ||     2
       Royal jelly       |       |       |       |     1 ||     1
Armor: Scale mail        |    43 |    87 |   119 |    17 ||   266
Dodge: Dodged            |    29 |    44 |   110 |    20 ||   203
Block: Shield            |    32 |    95 |   206 |    32 ||   365
       Rpst.: Long sword |     5 |    12 |    35 |     8 ||    60
